 Dungeon Crawl Stone Soup version 0.29.1-15-g9cfb28693d (webtiles) character file.

Game seed: 17238543433516649105

170 tizbic2 the Magician (level 5, 0/28 HPs)
             Began as a Vine Stalker Transmuter on Apr 23, 2023.
             Slain by a gnoll
             ... wielding a +0 spear
              (4 damage)
             ... on level 4 of the Dungeon.
             The game lasted 00:10:44 (2937 turns).

tizbic2 the Magician (Vine Stalker Transmuter)      Turns: 2937, Time: 00:10:45

Health: 0/28       AC:  5    Str: 12    XL:     5   Next: 50%
Magic:  0/13       EV: 10    Int: 15    God:
Gold:   158        SH:  0    Dex: 15    Spells: 8/11 levels left

rFire   . . .      SeeInvis +   s - +0 great mace
rCold   . . .      Faith    .   (shield currently unavailable)
rNeg    . . .      Spirit   +   r - +0 ring mail
rPois   .          Reflect  .   (helmet restricted)
rElec   .          Harm     .   (no cloak)
rCorr   .          Rampage  .   (no gloves)
Will    .....                   (no boots)
Stlth   +.........              (no amulet)
HPRegen 0.89/turn               m - ring of see invisible
MPRegen 0.13/turn               (no ring)

@: no status effects
A: fangs 2, regeneration 1, magic shield, antimagic bite, no potion heal 2,
horns 1, high MP 1
a: no special abilities


You were on level 4 of the Dungeon.
You visited 1 branch of the dungeon, and saw 4 of its levels.

You collected 158 gold pieces.

Inventory:

Hand Weapons
 s - a +0 great mace (weapon)
 w - a +0 dagger of freezing
Missiles
 d - 6 poisoned darts
 i - 4 javelins
 t - a throwing net
Armour
 a - a +0 robe
 h - a +0 leather armour
 n - a +0 scale mail
 r - a +0 ring mail (worn)
Magical Staves
 p - a staff of earth
Jewellery
 m - a ring of see invisible (left hand)
Scrolls
 c - a scroll of magic mapping {unknown}
 f - a scroll of identify
 j - 3 scrolls of noise {unknown}
 k - 4 scrolls of teleportation {unknown}
 q - a scroll of vulnerability {unknown}
 u - a scroll of blinking {unknown}
 v - a scroll of torment {unknown}
 x - a scroll of summoning {unknown}
Potions
 b - 2 potions of lignification
 e - a potion of resistance {unknown}
 g - a potion of magic
 l - a potion of heal wounds {unknown}
 o - a potion of berserk rage {unknown}


   Skills:
 * Level 3.1 Fighting
 - Level 1.5 Dodging
 - Level 3.0 Unarmed Combat
 * Level 3.9 Spellcasting
 - Level 2.0 Transmutations
 + Level 1.5 Air Magic


You had 8 spell levels left.
You knew the following spells:

 Your Spells              Type           Power      Damage    Failure   Level
a - Beastly Appendage     Tmut           18%        N/A       19%         1
b - Static Discharge      Conj/Air       5%         3-4/arc   41%         2

Your spell library contained the following spells:

 Spells                   Type           Power      Damage    Failure   Level
 Wereblood                Tmut           9%         N/A       26%         2
 Spider Form              Tmut/Pois      5%         N/A       63%         3
 Confusing Touch          Hex            2%         N/A       77%         3
 Ice Form                 Ice/Tmut       5%         N/A       95%         4
 Lightning Bolt           Conj/Air       2%         1d14      100%        5
 Yara's Violent Unravell  Hex/Tmut       2%         3d3       100%        5
 Enfeeble                 Hex            1%         N/A       100%        7
 Maxwell's Capacitive Co  Air            3%         ∞         100%        8


Dungeon Overview and Level Annotations

Branches:
Dungeon (4/15)
 Temple: D:4-7

Altars:
Ashenzari
Okawaru


Innate Abilities, Weirdness & Mutations

You have extremely sharp teeth.
Your natural rate of healing is unusually fast.
When hurt, damage is shared between your health and your magic reserves.
Your bite disrupts and absorbs the magic of your enemies.
Potions cannot restore your health.
You have a pair of small horns on your head.
You have an increased reservoir of magic. (+10% MP)


Message History

Things that are here:
a +0 flail; an orc corpse A kobold comes into view.
It is wielding a +0 club and quivering poisoned darts.
The kobold shouts!
The kobold barely misses you.
The gnoll shouts!
You sock the kobold!
You kill the kobold!
The gnoll hits you but does no damage.
You hit the gnoll but do no damage. The gnoll closely misses you.
The gnoll hits you with a +0 spear.
You barely miss the gnoll. The gnoll barely misses you.
You closely miss the gnoll. Your bite misses the gnoll.
The gnoll hits you with a +0 spear.
The gnoll hits you from afar with a +0 halberd.
You hit the gnoll. Your headbutt misses the gnoll.
The gnoll is moderately wounded.
The gnoll barely misses you.
The gnoll hits you from afar with a +0 halberd!
The gnoll hits you with a +0 spear. The gnoll barely misses you.
You barely miss the gnoll.
The gnoll is moderately wounded.
The gnoll hits you with a +0 spear.
The gnoll hits you from afar with a +0 halberd!
* * * LOW HITPOINT WARNING * * *
The gnoll misses you. The gnoll hits you but does no damage.
You barely miss the gnoll.
You headbutt the gnoll, but do no damage.
Your bite misses the gnoll.
The gnoll is moderately wounded.
The gnoll hits you but does no damage.
The gnoll hits you from afar with a +0 halberd.
* * * LOW HITPOINT WARNING * * *
You barely miss the gnoll.
The gnoll is moderately wounded.
The gnoll barely misses you.
The gnoll hits you from afar with a +0 halberd.
* * * LOW HITPOINT WARNING * * *
The gnoll hits you with a +0 spear.
You die...

############## #.............
# #.############ ..#########.#
..........#.# ..#...).....#
#..........# # #..........# .
#.#.#.#...@g...###### ..
.....#.#.#......##...###...
#...........g....##.........
.#.......#.#......##.........
#..................##.........
..............<...............
.........)...###.#.##......##.
...............†..##.........
............###.####.........


You could see 2 gnolls.

Vanquished Creatures
  An orc priest (D:3)
  3 adders
  2 gnolls
  2 worms (D:3)
  3 dart slugs
  9 orcs
  8 bats
  6 endoplasms
  4 giant cockroaches
  12 goblins
  3 hobgoblins
  2 quokkas
  4 ball pythons
  7 frilled lizards
  3 kobolds
  7 rats
76 creatures vanquished.

Vanquished Creatures (others)
  A plant (D:1)
1 creature vanquished.

Grand Total: 77 creatures vanquished

Notes
Turn   | Place    | Note
-------+----------+-------------------------------------------
     0 | D:1      | tizbic2 the Vine Stalker Transmuter began the quest for the
                  | Orb.
     0 | D:1      | Reached XP level 1. HP: 9/9 MP: 4/4
    42 | D:1      | Reached skill level 1 in Fighting
   438 | D:1      | Reached XP level 2. HP: 14/14 MP: 3/6
  1191 | D:1      | Gained mutation: You are frail. (-10% HP) [potion of
                  | mutation]
  1191 | D:1      | Gained mutation: You are dopey. (Int -2) [potion of
                  | mutation]
  1191 | D:1      | Gained mutation: You have hidden genetic potential. [potion
                  | of mutation]
  1396 | D:2      | Reached XP level 3. HP: 16/16 MP: 5/8
  1445 | D:2      | Found an iron altar of Okawaru.
  1687 | D:2      | Gained mutation: You are strong-willed. (Will+) [hidden
                  | potential]
  1949 | D:2      | Found a faded altar of an unknown god.
  2159 | D:3      | Gained mutation: Your natural rate of healing is unusually
                  | fast. [Vine Stalker growth]
  2159 | D:3      | Reached XP level 4. HP: 5/20 MP: 2/9
  2308 | D:3      | Reached skill level 1 in Air Magic
  2362 | D:3      | Lost mutation: You are dopey. (Int -2) [hidden potential]
  2362 | D:3      | Lost mutation: You have hidden genetic potential. [hidden
                  | potential expressed]
  2363 | D:3      | Lost mutation: You are frail. (-10% HP) [potion of
                  | mutation]
  2363 | D:3      | Lost mutation: You are strong-willed. (Will+) [potion of
                  | mutation]
  2363 | D:3      | Gained mutation: Your spells are a little harder to cast,
                  | but a little more powerful. [potion of mutation]
  2363 | D:3      | Gained mutation: You have large cloven feet. [potion of
                  | mutation]
  2364 | D:3      | Lost mutation: Your spells are a little harder to cast, but
                  | a little more powerful. [potion of mutation]
  2364 | D:3      | Lost mutation: You have large cloven feet. [potion of
                  | mutation]
  2364 | D:3      | Gained mutation: You have an increased reservoir of magic.
                  | (+10% MP) [potion of mutation]
  2364 | D:3      | Gained mutation: You have a pair of small horns on your
                  | head. [potion of mutation]
  2383 | D:3      | Reached XP level 5. HP: 22/28 MP: 5/12
  2446 | D:3      | Found a broken altar of Ashenzari.
  2676 | D:4      | Learned a level 2 spell: Static Discharge
  2937 | D:4      | Slain by a gnoll

Illustrated notes

Levels and vault maps discovered:
D:1:      giann_bridges, layout_loops_ring, columned_hall_lemuel,
          serial_bayou_lake_a
D:2:      layout_rooms, hellmonk_ecumenical_altar_zigzags, basic_altar,
          chequers_arboretum, grunt_decor_clamped
D:3:      layout_rooms, cheibrodos_ashenzari_chains
D:4:      corexii_shantytown, layout_basic, uniq_blork_the_orc

Skill      XL: |  1  2  3  4  5 |
---------------+----------------+-----
Fighting       | 1 2 3 |  3.1
Spellcasting   | 3 |  3.9
Air Magic      | 1 |  1.5
Dodging        | |  1.5
Unarmed Combat | |  3.0
Transmutations | |  2.0

Action                   |  1- 3 |  4- 6 || total
-------------------------+-------+-------++-------
Melee: Club              |    11 |       ||    11
       Whip              |     6 |       ||     6
       Kick              |    12 |     1 ||    13
       Bite              |    25 |    26 ||    51
       Headbutt          |     8 |    13 ||    21
       Unarmed           |     1 |       ||     1
       Dagger            |    75 |       ||    75
       Punch             |     5 |     2 ||     7
       Staff             |    21 |    88 ||   109
       Great mace        |       |    26 ||    26
 Cast: Beastly Appendage |    19 |     1 ||    20
  Use: Scroll            |     2 |     2 ||     4
       Potion            |     1 |     2 ||     3
Armor: Robe              |    29 |       ||    29
       Scale mail        |     3 |    40 ||    43
       Ring mail         |       |    17 ||    17
Dodge: Dodged            |    97 |    63 ||   160
